[Event "Slovakian ECo-C Extraliga 2024-25"]
[Site "Slovakia"]
[Date "2025.02.16"]
[Round "6.2"]
[White "Tazbir, Marcin"]
[Black "Manik, Mikulas"]
[Result "1-0"]
[Annotator "ChessBase"]
[ECO "B92"]
[WhiteElo "2502"]
[BlackElo "2262"]
[PlyCount "61"]
[EventDate "2024.09.12"]
[EventType "team-tourn"]
[EventCountry "SVK"]
[SourceTitle "playchess.com"]
[Source "ChessBase"]
[SourceQuality "1"]
[TimeControl "5400+30"]

1. e4 c5 2. Nc3 a6 3. Nf3 d6 4. d4 cxd4 5. Nxd4 Nf6 6. Be2 e5 7. Nb3 Be6 8. f4 exf4 9. Bxf4 Nc6 10. Qd2 d5 11. O-O-O Bb4 12. Qe3 d4 13. Qg3 O-O 14. e5 Nd5 15. Bh6 g6 16. Nxd5 Bxd5 17. Nxd4 Re8 18. a3 Ba5 19. Nxc6 bxc6 20. c4 Rb8 21. cxd5 Qb6 22. b3 cxd5 23. Rd3 Rec8+ 24. Kb1 d4 25. Rc1 Bc3 26. Rdxc3 dxc3 27. Rxc3 Qg1+ 28. Rc1 Rxc1+ 29. Bxc1 Rc8 30. Bc4 Qb6 31. Bb2 1-0

[Event "Slovakian ECo-C Extraliga 2024-25"]
[Site "Slovakia"]
[Date "2025.02.16"]
[Round "6.2"]
[White "Kaczur, Florian"]
[Black "Plat, Vojtech"]
[Result "1/2-1/2"]
[Annotator "ChessBase"]
[ECO "D94"]
[WhiteElo "2475"]
[BlackElo "2459"]
[PlyCount "67"]
[EventDate "2024.09.12"]
[EventType "team-tourn"]
[EventCountry "SVK"]
[SourceTitle "playchess.com"]
[Source "ChessBase"]
[SourceQuality "1"]
[TimeControl "5400+30"]

1. d4 Nf6 2. c4 g6 3. Nc3 d5 4. Nf3 Bg7 5. e3 O-O 6. cxd5 Nxd5 7. Be2 c5 8. Qb3 Nxc3 9. bxc3 Nc6 10. O-O b6 11. Ba3 Be6 12. Qa4 Bd7 13. Qa6 Bc8 14. Qb5 Bd7 15. Qb2 Rb8 16. Rad1 Qc7 17. dxc5 bxc5 18. Qc1 Be6 19. Bxc5 Qa5 20. Qa3 Qxa3 21. Bxa3 Bxc3 22. Rc1 Bb2 23. Rxc6 Bxa3 24. Nd4 Bd5 25. Rc7 Bd6 26. Rxa7 Ra8 27. Rxa8 Rxa8 28. Bf3 Bxf3 29. Nxf3 Rxa2 30. g4 Kg7 31. Kg2 Bc5 32. Kg3 Bd6+ 33. Kg2 Bc5 34. Kg3 1/2-1/2

[Event "Slovakian ECo-C Extraliga 2024-25"]
[Site "Slovakia"]
[Date "2025.02.16"]
[Round "6.2"]
[White "Mrva, Martin"]
[Black "Laurusas, Tomas"]
[Result "1/2-1/2"]
[Annotator "ChessBase"]
[ECO "B41"]
[WhiteElo "2398"]
[BlackElo "2578"]
[PlyCount "102"]
[EventDate "2024.09.12"]
[EventType "team-tourn"]
[EventCountry "SVK"]
[SourceTitle "playchess.com"]
[Source "ChessBase"]
[SourceQuality "1"]
[TimeControl "5400+30"]

1. e4 c5 2. Nf3 e6 3. d4 cxd4 4. Nxd4 a6 5. c4 Nf6 6. Nc3 Qc7 7. a3 b6 8. f4 Bb7 9. Bd3 Nc6 10. Nxc6 Bxc6 11. e5 Ng8 12. Qe2 d6 13. Nd5 Qd8 14. Nb4 Bb7 15. Bc2 Qd7 16. Be3 a5 17. Nd3 Qc7 18. f5 dxe5 19. Ba4+ Bc6 20. Bxc6+ Qxc6 21. Nxe5 Qe4 22. Bxb6 exf5 23. Qxe4 fxe4 24. O-O-O a4 25. Rhf1 Nf6 26. g4 h6 27. h4 Rc8 28. g5 hxg5 29. hxg5 Rh5 30. Be3 Rh3 31. Bd4 Nh7 32. Nxf7 Rxc4+ 33. Kb1 Rd3 34. g6 Nf6 35. Bc3 Rxd1+ 36. Rxd1 e3 37. Kc2 Bc5 38. Kd3 Rg4 39. Ne5 Rg2 40. Kc4 Ne4 41. Ba5 Bd6 42. Rd4 Nd2+ 43. Bxd2 Bxe5 44. Re4 exd2 45. Rxe5+ Kd7 46. Rd5+ Ke6 47. Rd8 Kf5 48. Kb4 Rg4+ 49. Kb5 Kxg6 50. Rxd2 Kf5 51. b4 Ke5 1/2-1/2

[Event "Slovakian ECo-C Extraliga 2024-25"]
[Site "Slovakia"]
[Date "2025.02.16"]
[Round "6.3"]
[White "Kusa, Jakub"]
[Black "Sipos, Istvan"]
[Result "1/2-1/2"]
[Annotator "ChessBase"]
[ECO "D26"]
[WhiteElo "2412"]
[BlackElo "2455"]
[PlyCount "37"]
[EventDate "2024.09.12"]
[EventType "team-tourn"]
[EventCountry "SVK"]
[SourceTitle "playchess.com"]
[Source "ChessBase"]
[SourceQuality "1"]
[TimeControl "5400+30"]

1. d4 d5 2. c4 dxc4 3. Nf3 Nf6 4. e3 e6 5. Bxc4 a6 6. O-O c5 7. b3 cxd4 8. Nxd4 Be7 9. Bb2 O-O 10. Nd2 Bd7 11. N2f3 Nc6 12. Nxc6 Bxc6 13. Ne5 Bd5 14. Qe2 Bxc4 15. Nxc4 Qc7 16. Rfd1 Rfd8 17. Rac1 Rxd1+ 18. Rxd1 Rd8 19. Rxd8+ 1/2-1/2

[Event "Slovakian ECo-C Extraliga 2024-25"]
[Site "Slovakia"]
[Date "2025.02.16"]
[Round "6.3"]
[White "Bures, Jaroslav"]
[Black "Stachowiak, Kamil"]
[Result "1-0"]
[Annotator "ChessBase"]
[ECO "B41"]
[WhiteElo "2400"]
[BlackElo "2413"]
[PlyCount "85"]
[EventDate "2024.09.12"]
[EventType "team-tourn"]
[EventCountry "SVK"]
[SourceTitle "playchess.com"]
[Source "ChessBase"]
[SourceQuality "1"]
[TimeControl "5400+30"]

1. e4 c5 2. Nf3 e6 3. d4 cxd4 4. Nxd4 a6 5. Be2 d6 6. c4 Nf6 7. Nc3 Qc7 8. Be3 b6 9. Rc1 Bb7 10. f3 Be7 11. Qd2 O-O 12. g4 Re8 13. g5 Nfd7 14. O-O Bf8 15. f4 Nc6 16. Nf3 Rac8 17. Rfd1 Nc5 18. Bf2 Qb8 19. Rb1 Ne7 20. Qxd6 Qa8 21. Qxb6 Nxe4 22. Ne5 Ng6 23. Nxe4 Bxe4 24. Nxg6 Bxb1 25. Nxf8 Bxa2 26. Nd7 Bxc4 27. Qe3 Bxe2 28. Qxe2 Qb7 29. Nc5 Qb4 30. Qe5 Qb8 31. Rd6 f6 32. gxf6 gxf6 33. Qd4 Re7 34. Nxe6 Qb7 35. Rd8+ Rxd8 36. Qxd8+ Kf7 37. f5 Re8 38. Qd4 Qb5 39. Nc5 Qe2 40. Qd7+ Kg8 41. Ne6 Qg4+ 42. Bg3 Ra8 43. Nd8 1-0

[Event "Slovakian ECo-C Extraliga 2024-25"]
[Site "Slovakia"]
[Date "2025.02.16"]
[Round "6.4"]
[White "Berczes, David"]
[Black "Roubalik, Jakub"]
[Result "1/2-1/2"]
[Annotator "ChessBase"]
[ECO "A06"]
[WhiteElo "2407"]
[BlackElo "2321"]
[PlyCount "60"]
[EventDate "2024.09.12"]
[EventType "team-tourn"]
[EventCountry "SVK"]
[SourceTitle "playchess.com"]
[Source "ChessBase"]
[SourceQuality "1"]
[TimeControl "5400+30"]

1. Nf3 d5 2. g3 Nf6 3. Bg2 c6 4. O-O Bf5 5. d3 e6 6. Nh4 Bg4 7. h3 Bh5 8. Qe1 Be7 9. g4 Nfd7 10. gxh5 Bxh4 11. Qb4 Nb6 12. a4 Na6 13. Qg4 Bf6 14. Nd2 Qe7 15. e4 Nb4 16. Qd1 O-O 17. a5 Nd7 18. d4 Rfe8 19. e5 Bg5 20. f4 Bh6 21. Nf3 c5 22. c3 Nc6 23. Be3 f6 24. Qd2 cxd4 25. cxd4 Rac8 26. Rac1 a6 27. f5 Bxe3+ 28. Qxe3 fxe5 29. Nxe5 Ndxe5 30. dxe5 Kh8 1/2-1/2

[Event "Slovakian ECo-C Extraliga 2024-25"]
[Site "Slovakia"]
[Date "2025.02.16"]
[Round "6.4"]
[White "Butkiewicz, Lukasz"]
[Black "Chovan, Milan"]
[Result "1/2-1/2"]
[Annotator "ChessBase"]
[ECO "D97"]
[WhiteElo "2339"]
[BlackElo "2325"]
[PlyCount "40"]
[EventDate "2024.09.12"]
[EventType "team-tourn"]
[EventCountry "SVK"]
[SourceTitle "playchess.com"]
[Source "ChessBase"]
[SourceQuality "1"]
[TimeControl "5400+30"]

1. d4 Nf6 2. c4 g6 3. Nc3 d5 4. Nf3 Bg7 5. Qb3 dxc4 6. Qxc4 O-O 7. e4 a6 8. Be2 b5 9. Qb3 Nc6 10. e5 Be6 11. exf6 Bxb3 12. fxg7 Kxg7 13. axb3 Nxd4 14. Nxd4 Qxd4 15. O-O c6 16. Bf3 Rfc8 17. Re1 h6 18. Re4 Qd3 19. Be3 e5 20. Rxe5 Re8 1/2-1/2

[Event "Slovakian ECo-C Extraliga 2024-25"]
[Site "Slovakia"]
[Date "2025.02.16"]
[Round "6.4"]
[White "Kusiak, Matej"]
[Black "Kraus, Tomas"]
[Result "0-1"]
[Annotator "ChessBase"]
[ECO "B11"]
[WhiteElo "2227"]
[BlackElo "2451"]
[PlyCount "126"]
[EventDate "2024.09.12"]
[EventType "team-tourn"]
[EventCountry "SVK"]
[SourceTitle "playchess.com"]
[Source "ChessBase"]
[SourceQuality "1"]
[TimeControl "5400+30"]

1. e4 c6 2. Nc3 d5 3. Nf3 Bg4 4. h3 Bxf3 5. Qxf3 e6 6. g3 Nd7 7. Bg2 d4 8. Nb1 h5 9. d3 h4 10. Nd2 Ne7 11. Qe2 Ng6 12. a3 Bd6 13. gxh4 Nxh4 14. Kf1 Bf4 15. Nf3 Bxc1 16. Rxc1 Qf6 17. e5 Qf4 18. Re1 Nxf3 19. Qxf3 Rh4 20. Qe2 g6 21. Bf3 Nxe5 22. Qxe5 Qxf3 23. Rh2 O-O-O 24. Qg3 Qf6 25. Qe5 Qf3 26. Qg3 Qf6 27. Qe5 Qe7 28. Re4 Rxe4 29. dxe4 d3 30. cxd3 Rxd3 31. Qh8+ Rd8 32. Qe5 Qh4 33. Ke2 Qh6 34. f4 Qh4 35. Qg5 Qh8 36. Qe5 Qh4 37. Qg5 Qh8 38. Qe5 Qe8 39. Rh1 Qd7 40. Qc3 f5 41. Qe3 fxe4 42. Qxe4 Qd2+ 43. Kf3 Rd3+ 44. Kg4 Re3 45. Qxg6 Qg2+ 46. Kh5 Rxh3+ 47. Rxh3 Qxh3+ 48. Kg5 Qg3+ 49. Kf6 Qxg6+ 50. Kxg6 Kd7 51. f5 exf5 52. Kxf5 Kd6 53. Ke4 Kc5 54. Kd3 Kd5 55. b3 c5 56. a4 b6 57. Kc3 a6 58. Kd3 b5 59. axb5 axb5 60. Kc3 Ke4 61. Kd2 Kd4 62. Kc2 Ke3 63. Kc3 Ke2 0-1

[Event "Slovakian ECo-C Extraliga 2024-25"]
[Site "Slovakia"]
[Date "2025.02.16"]
[Round "6.5"]
[White "Jablonicky, Martin"]
[Black "Kravec, Patrik"]
[Result "1-0"]
[Annotator "ChessBase"]
[ECO "A43"]
[WhiteElo "2426"]
[BlackElo "2090"]
[PlyCount "85"]
[EventDate "2024.09.12"]
[EventType "team-tourn"]
[EventCountry "SVK"]
[SourceTitle "playchess.com"]
[Source "ChessBase"]
[SourceQuality "1"]
[TimeControl "5400+30"]

1. d4 c5 2. d5 d6 3. e4 g6 4. c4 b5 5. cxb5 a6 6. bxa6 Bxa6 7. Bxa6 Rxa6 8. Nf3 Bg7 9. O-O Nd7 10. Nc3 Ngf6 11. Qe2 Ra8 12. b3 Nxd5 13. Nxd5 Bxa1 14. e5 Bxe5 15. Nxe5 dxe5 16. Bh6 e6 17. Nc3 Qh4 18. Qd2 Rb8 19. Rd1 Qd4 20. Qc2 Qh4 21. Qd3 Qd4 22. Qf3 Qh4 23. Ne4 f5 24. Nxc5 Nxc5 25. Qc6+ Kf7 26. Qxc5 Qe7 27. Qxe5 Rhg8 28. h4 Rbd8 29. Rxd8 Qxd8 30. Bg5 Qd7 31. Qf6+ Ke8 32. a4 Rf8 33. Qe5 Qd1+ 34. Kh2 Qd7 35. b4 Kf7 36. Bh6 Rg8 37. b5 Qa7 38. Be3 Qxa4 39. Qc7+ Ke8 40. Bg5 Qb4 41. Qc8+ Kf7 42. Qd7+ Kf8 43. Bh6+ 1-0

[Event "Slovakian ECo-C Extraliga 2024-25"]
[Site "Slovakia"]
[Date "2025.02.16"]
[Round "6.5"]
[White "Motuz, Karol"]
[Black "Hujbert, Florian"]
[Result "1/2-1/2"]
[Annotator "ChessBase"]
[ECO "D31"]
[WhiteElo "2293"]
[BlackElo "2413"]
[PlyCount "33"]
[EventDate "2024.09.12"]
[EventType "team-tourn"]
[EventCountry "SVK"]
[SourceTitle "playchess.com"]
[Source "ChessBase"]
[SourceQuality "1"]
[TimeControl "5400+30"]

1. d4 d5 2. c4 e6 3. Nc3 h6 4. Nf3 Nf6 5. Bf4 Bd6 6. Bg3 O-O 7. e3 Bxg3 8. hxg3 c6 9. Qc2 Nbd7 10. Be2 Qe7 11. Ne5 Nxe5 12. dxe5 Nd7 13. f4 Qc5 14. Kf2 Nb6 15. Rh4 f5 16. cxd5 Nxd5 17. Qd2 1/2-1/2

[Event "Slovakian ECo-C Extraliga 2024-25"]
[Site "Slovakia"]
[Date "2025.02.16"]
[Round "6.5"]
[White "Zetocha, Claudiu Andrei"]
[Black "Zambor, Norbert"]
[Result "0-1"]
[Annotator "ChessBase"]
[ECO "E70"]
[WhiteElo "2283"]
[BlackElo "2243"]
[PlyCount "94"]
[EventDate "2024.09.12"]
[EventType "team-tourn"]
[EventCountry "SVK"]
[SourceTitle "playchess.com"]
[Source "ChessBase"]
[SourceQuality "1"]
[TimeControl "5400+30"]

1. d4 Nf6 2. c4 g6 3. Nc3 Bg7 4. e4 d6 5. Nge2 O-O 6. Ng3 Nbd7 7. Be2 e5 8. d5 a5 9. h4 Nc5 10. h5 c6 11. Bg5 Qb6 12. Qd2 cxd5 13. cxd5 Bd7 14. Rb1 Rac8 15. f3 a4 16. Be3 Ne8 17. Bf2 Qd8 18. hxg6 fxg6 19. Bb5 Bxb5 20. Nxb5 Qd7 21. Qe2 h5 22. Be3 Nc7 23. Na3 N7a6 24. b4 axb3 25. axb3 Nb4 26. Qd2 Ncd3+ 27. Ke2 Ra8 28. Ra1 b5 29. Nc2 Rxa1 30. Rxa1 Nxc2 31. Qxc2 Nf4+ 32. Kf2 h4 33. Ne2 h3 34. g3 Ng2 35. Bd2 Qg4 36. Qd3 Nh4 37. Nf4 Nxf3 38. Qxf3 Qxf3+ 39. Kxf3 exf4 40. Rd1 fxg3+ 41. Kxg3 Be5+ 42. Kxh3 Rf3+ 43. Kg2 Rxb3 44. Kf2 b4 45. Ke2 Kg7 46. Rc1 Rb2 47. Kd3 Rxd2+ 0-1

[Event "Slovakian ECo-C Extraliga 2024-25"]
[Site "Slovakia"]
[Date "2025.02.16"]
[Round "6.6"]
[White "Toth, Ervin"]
[Black "Vojtek, Vladimir"]
[Result "0-1"]
[Annotator "ChessBase"]
[ECO "E26"]
[WhiteElo "2393"]
[BlackElo "2217"]
[PlyCount "66"]
[EventDate "2024.09.12"]
[EventType "team-tourn"]
[EventCountry "SVK"]
[SourceTitle "playchess.com"]
[Source "ChessBase"]
[SourceQuality "1"]
[TimeControl "5400+30"]

1. d4 Nf6 2. c4 e6 3. Nc3 Bb4 4. a3 Bxc3+ 5. bxc3 c5 6. e3 Nc6 7. Bd3 b6 8. Ne2 Ba6 9. Ng3 Qc7 10. Qe2 Na5 11. d5 h5 12. e4 h4 13. d6 Qc6 14. Nf1 O-O-O 15. Bg5 Rdg8 16. Bxf6 gxf6 17. Ne3 Qxd6 18. O-O Qf4 19. g3 Bb7 20. Ng2 Qh6 21. g4 h3 22. Ne3 Qf4 23. f3 Nc6 24. a4 Ne5 25. a5 f5 26. axb6 axb6 27. Rab1 Nxd3 28. Qxd3 fxe4 29. fxe4 Rxg4+ 30. Nxg4 Qxg4+ 31. Kf2 Bxe4 32. Qd6 Bxb1 33. Rxb1 Qf5+ 0-1

[Event "Slovakian ECo-C Extraliga 2024-25"]
[Site "Slovakia"]
[Date "2025.02.16"]
[Round "6.6"]
[White "Kantorik, Marian"]
[Black "Havlicek, Libor"]
[Result "1-0"]
[Annotator "ChessBase"]
[ECO "A59"]
[WhiteElo "2171"]
[BlackElo "2281"]
[PlyCount "77"]
[EventDate "2024.09.12"]
[EventType "team-tourn"]
[EventCountry "SVK"]
[SourceTitle "playchess.com"]
[Source "ChessBase"]
[SourceQuality "1"]
[TimeControl "5400+30"]

1. d4 Nf6 2. c4 c5 3. d5 b5 4. cxb5 a6 5. bxa6 g6 6. Nc3 Bxa6 7. e4 Bxf1 8. Kxf1 d6 9. g3 Bg7 10. Kg2 O-O 11. Nf3 Nbd7 12. Qc2 Qa5 13. Bd2 Rfb8 14. Rhe1 Nb6 15. b3 Qa6 16. a4 Nfd7 17. a5 Nc8 18. Ra4 Na7 19. Rb1 Rb7 20. h4 Rab8 21. h5 c4 22. b4 gxh5 23. b5 Nxb5 24. Nxb5 Rxb5 25. Qxc4 Nc5 26. Rxb5 Rxb5 27. Rb4 Rxb4 28. Qxb4 h6 29. Be3 Qc8 30. Bxc5 dxc5 31. Qc4 h4 32. Nxh4 Be5 33. a6 Qc7 34. Nf5 Kf8 35. Qa4 Qa7 36. Qc6 f6 37. Qc8+ Kf7 38. Qe6+ Kf8 39. Nxe7 1-0

[Event "Slovakian ECo-C Extraliga 2024-25"]
[Site "Slovakia"]
[Date "2025.02.16"]
[Round "6.6"]
[White "Sekova, Olivia"]
[Black "Pacher, Milan"]
[Result "0-1"]
[Annotator "ChessBase"]
[ECO "B27"]
[WhiteElo "2003"]
[BlackElo "2329"]
[PlyCount "74"]
[EventDate "2024.09.12"]
[EventType "team-tourn"]
[EventCountry "SVK"]
[SourceTitle "playchess.com"]
[Source "ChessBase"]
[SourceQuality "1"]
[TimeControl "5400+30"]

1. e4 c5 2. Nf3 g6 3. d4 cxd4 4. Nxd4 Bg7 5. Nc3 Nc6 6. Be3 Nf6 7. Nxc6 bxc6 8. e5 Ng8 9. Bd4 Qa5 10. Bc4 Bxe5 11. O-O Nf6 12. Re1 d6 13. Bxe5 dxe5 14. Qe2 Bf5 15. Bb3 e4 16. Qc4 O-O 17. Qxc6 Rac8 18. Qb5 Qxb5 19. Nxb5 Rc5 20. Nd4 a5 21. Nxf5 gxf5 22. Rad1 Rb8 23. Rd4 e6 24. Red1 Kg7 25. c3 h5 26. R1d2 Ng4 27. Rc4 Rcb5 28. Rc7 Kf6 29. c4 Rb4 30. Ra7 Ne5 31. c5 R8b5 32. Rc2 Nc6 33. Ra6 Nd4 34. Rc3 a4 35. Bd1 Rxb2 36. Rc4 Rd2 37. Rc1 Rxc5 0-1

[Event "Slovakian ECo-C Extraliga 2024-25"]
[Site "Slovakia"]
[Date "2025.02.16"]
[Round "6.7"]
[White "Stevik, Patrik"]
[Black "Smetana, Peter"]
[Result "1-0"]
[Annotator "ChessBase"]
[ECO "A37"]
[WhiteElo "2331"]
[BlackElo "1947"]
[PlyCount "73"]
[EventDate "2024.09.12"]
[EventType "team-tourn"]
[EventCountry "SVK"]
[SourceTitle "playchess.com"]
[Source "ChessBase"]
[SourceQuality "1"]
[TimeControl "5400+30"]

1. Nf3 c5 2. g3 Nc6 3. Bg2 g6 4. c4 Bg7 5. Nc3 d6 6. O-O Nf6 7. d4 cxd4 8. Nxd4 Bd7 9. e3 O-O 10. b3 Qc8 11. Re1 Bh3 12. Bh1 h5 13. Bb2 h4 14. Rc1 Ne5 15. f4 Neg4 16. Qf3 Rb8 17. gxh4 Nh6 18. Nd5 Nxd5 19. cxd5 Qd7 20. Qg3 Bg4 21. Bg2 Rbc8 22. h3 Bh5 23. e4 Rxc1 24. Rxc1 Rc8 25. Re1 Qc7 26. Qf2 Qa5 27. a3 Bxd4 28. Bxd4 Qxa3 29. f5 f6 30. Qf4 Qb4 31. Bf2 Kh7 32. fxg6+ Bxg6 33. Bf3 Bf7 34. Re2 Qc3 35. Be3 Qa1+ 36. Kf2 Ng8 37. Qf5+ 1-0

[Event "Slovakian ECo-C Extraliga 2024-25"]
[Site "Slovakia"]
[Date "2025.02.16"]
[Round "6.7"]
[White "Zpevak, Pavel"]
[Black "Farkas, Gabor"]
[Result "0-1"]
[Annotator "ChessBase"]
[ECO "A10"]
[WhiteElo "2267"]
[BlackElo "2314"]
[PlyCount "112"]
[EventDate "2024.09.12"]
[EventType "team-tourn"]
[EventCountry "SVK"]
[SourceTitle "playchess.com"]
[Source "ChessBase"]
[SourceQuality "1"]
[TimeControl "5400+30"]

1. c4 f5 2. Nf3 Nf6 3. g3 d6 4. Bg2 g6 5. O-O Bg7 6. Nc3 O-O 7. d3 e5 8. Rb1 a5 9. a3 h6 10. b4 axb4 11. axb4 f4 12. c5 fxg3 13. Qb3+ Kh7 14. hxg3 Nc6 15. cxd6 cxd6 16. b5 Nd4 17. Nxd4 exd4 18. Nd5 Nxd5 19. Bxd5 Qe7 20. Rb2 Ra1 21. Ra2 Rxa2 22. Qxa2 Bh3 23. Bg2 Bxg2 24. Kxg2 Rf5 25. b6 Qd7 26. e4 dxe3 27. Bxe3 Qc6+ 28. f3 Rb5 29. Rc1 Qe8 30. Bf2 Rb2 31. Qd5 Qe3 32. Rf1 Qxb6 33. Kg1 Qb4 34. f4 b5 35. Re1 Qd2 36. Qf3 h5 37. Re7 Qc1+ 38. Kg2 Qc5 39. f5 Qxf5 40. Qxf5 gxf5 41. Kf3 Rb3 42. Ke2 Kg8 43. Re6 Be5 44. Rh6 Kg7 45. Rxh5 Kg6 46. Rh1 b4 47. Rh4 Rb2+ 48. Kf3 Rb1 49. Rc4 b3 50. d4 Bf6 51. Rb4 d5 52. Rb5 b2 53. Ke2 Bg5 54. Be1 Kh5 55. Bc3 Kg4 56. Kd3 Rd1+ 0-1

[Event "Slovakian ECo-C Extraliga 2024-25"]
[Site "Slovakia"]
[Date "2025.02.16"]
[Round "6.7"]
[White "Petran, Peter"]
[Black "Garban, Mario"]
[Result "1/2-1/2"]
[Annotator "ChessBase"]
[ECO "A34"]
[WhiteElo "2170"]
[BlackElo "2173"]
[PlyCount "76"]
[EventDate "2024.09.12"]
[EventType "team-tourn"]
[EventCountry "SVK"]
[SourceTitle "playchess.com"]
[Source "ChessBase"]
[SourceQuality "1"]
[TimeControl "5400+30"]

1. c4 c5 2. Nc3 g6 3. Nf3 Bg7 4. d4 cxd4 5. Nxd4 Nc6 6. e3 a6 7. Be2 Nf6 8. O-O O-O 9. Nc2 d6 10. e4 Qc7 11. Rb1 Na5 12. Ne3 Be6 13. Ncd5 Bxd5 14. exd5 b6 15. b4 Nb7 16. Bb2 a5 17. a3 axb4 18. axb4 Ra2 19. Qb3 Rfa8 20. Bf3 Nd7 21. Bxg7 R8a3 22. Qd1 Kxg7 23. Qd4+ Ne5 24. Ra1 f6 25. Rxa2 Nxf3+ 26. gxf3 Rxa2 27. Ra1 Rxa1+ 28. Qxa1 Nd8 29. f4 Nf7 30. Qa4 Nh6 31. Kg2 Nf5 32. Nxf5+ gxf5 33. Qe8 Qxc4 34. Qxe7+ Kg6 35. Qxd6 Qe4+ 36. Kg3 Qd3+ 37. f3 Qe3 38. Kg2 Qe2+ 1/2-1/2

[Event "Slovakian ECo-C Extraliga 2024-25"]
[Site "Slovakia"]
[Date "2025.02.16"]
[Round "6.8"]
[White "Gyerpal, Adrian"]
[Black "Bombek, Peter"]
[Result "1/2-1/2"]
[Annotator "ChessBase"]
[ECO "E04"]
[WhiteElo "2184"]
[BlackElo "2104"]
[PlyCount "53"]
[EventDate "2024.09.12"]
[EventType "team-tourn"]
[EventCountry "SVK"]
[SourceTitle "playchess.com"]
[Source "ChessBase"]
[SourceQuality "1"]
[TimeControl "5400+30"]

1. d4 Nf6 2. Nf3 e6 3. c4 d5 4. g3 dxc4 5. Bg2 c5 6. O-O Nc6 7. dxc5 Qxd1 8. Rxd1 Bxc5 9. Nbd2 c3 10. bxc3 O-O 11. Nb3 Be7 12. c4 Bd7 13. Bb2 Rfc8 14. Rac1 Be8 15. Nfd4 a6 16. Nxc6 Bxc6 17. Bxc6 bxc6 18. Be5 a5 19. Bd6 Bxd6 20. Rxd6 a4 21. Nd4 c5 22. Nb5 g6 23. Rcd1 a3 24. Rb6 Ra4 25. Nd6 Rd8 26. Rdb1 Nd7 27. R6b5 1/2-1/2

[Event "Slovakian ECo-C Extraliga 2024-25"]
[Site "Slovakia"]
[Date "2025.02.16"]
[Round "6.8"]
[White "Kasperek, Ryszard"]
[Black "Zetocha, Adrian"]
[Result "1-0"]
[Annotator "ChessBase"]
[ECO "B76"]
[WhiteElo "2069"]
[BlackElo "2187"]
[PlyCount "79"]
[EventDate "2024.09.12"]
[EventType "team-tourn"]
[EventCountry "SVK"]
[SourceTitle "playchess.com"]
[Source "ChessBase"]
[SourceQuality "1"]
[TimeControl "5400+30"]

1. e4 c5 2. Nf3 d6 3. d4 cxd4 4. Nxd4 Nf6 5. Nc3 g6 6. Be3 Bg7 7. f3 O-O 8. Qd2 Nc6 9. O-O-O d5 10. exd5 Nxd5 11. Nxc6 bxc6 12. Bd4 Bxd4 13. Qxd4 Qb6 14. Na4 Qc7 15. g3 Rb8 16. a3 Bf5 17. Bc4 Rfd8 18. Qc5 Be6 19. Rhe1 Nf4 20. Nc3 Rxd1+ 21. Rxd1 Bxc4 22. Qxc4 Ne6 23. b3 Rb7 24. f4 Ng7 25. Qd4 Nf5 26. Qd8+ Kg7 27. Ne4 Qb6 28. Kb2 Ne3 29. Qd4+ Qxd4+ 30. Rxd4 Nf1 31. h3 f5 32. Nc5 Rb5 33. b4 a5 34. c4 Rb8 35. Kb3 Nxg3 36. Rd7 Kf6 37. Rd3 a4+ 38. Kc2 Ra8 39. Rxg3 Ra7 40. Re3 1-0

[Event "Slovakian ECo-C Extraliga 2024-25"]
[Site "Slovakia"]
[Date "2025.02.16"]
[Round "6.8"]
[White "Ropovik, Samuel"]
[Black "Federic, Jozef"]
[Result "0-1"]
[Annotator "ChessBase"]
[ECO "B60"]
[WhiteElo "1948"]
[BlackElo "2203"]
[PlyCount "132"]
[EventDate "2024.09.12"]
[EventType "team-tourn"]
[EventCountry "SVK"]
[SourceTitle "playchess.com"]
[Source "ChessBase"]
[SourceQuality "1"]
[TimeControl "5400+30"]

1. e4 c5 2. Nf3 Nc6 3. d4 cxd4 4. Nxd4 Nf6 5. Nc3 d6 6. Bg5 a6 7. Qd2 Ng4 8. h3 Nge5 9. Nb3 b5 10. a4 Nc4 11. Qc1 bxa4 12. Bxc4 axb3 13. Bxb3 h6 14. Be3 e6 15. Qd2 Be7 16. Na4 O-O 17. Nb6 Rb8 18. Nxc8 Qxc8 19. Ba4 Ne5 20. b3 Bf6 21. Bd4 Qb7 22. Qe3 Qe7 23. O-O Rfc8 24. c3 Nc6 25. Bxc6 Rxc6 26. Bxf6 Qxf6 27. Qa7 Rbb6 28. Rfc1 Qe5 29. Ra4 g6 30. Rb4 Rxb4 31. Qa8+ Kg7 32. Qxc6 Rxb3 33. Qxa6 Rxc3 34. Rxc3 Qxc3 35. Qe2 Qa1+ 36. Kh2 Qe5+ 37. Kh1 d5 38. f3 d4 39. Qc4 Qd6 40. Qd3 Qc5 41. Kg1 Qc3 42. Qd1 e5 43. Kf1 Qe3 44. Qb1 d3 45. Qe1 Qd4 46. Qd2 h5 47. h4 Kf6 48. g3 Ke7 49. Qf2 Qc3 50. Qe3 Kd7 51. Qa7+ Kc6 52. Qxf7 Qc1+ 53. Kf2 Qc2+ 54. Kf1 d2 55. Qd5+ Kb6 56. Qd6+ Ka5 57. Qxe5+ Ka4 58. Qe8+ Ka3 59. Qa8+ Kb2 60. Qb8+ Kc1 61. Qf4 Qc4+ 62. Kf2 Kc2 63. Qe3 d1=N+ 64. Ke1 Nxe3 65. Kf2 Kd2 66. f4 Qf1# 0-1